 Dungeon Crawl Stone Soup version 0.28-a0-697-g47f3eba078 (webtiles) character file.

Game seed: 5845014549689403087

295 ytrimaz the Chopper (level 6, 11/44 HPs)
             Began as a Formicid Fighter on Oct 23, 2021.
             Quit the game on level 3 of the Dungeon.
             The game lasted 00:04:05 (2213 turns).

ytrimaz the Chopper (Formicid Fighter)              Turns: 2213, Time: 00:04:06

Health: 11/44      AC:  7    Str: 23    XL:     6   Next: 61%
Magic:  6/6        EV:  9    Int:  7    God:
Gold:   125        SH:  4    Dex: 10    Spells: 5/5 levels left

rFire   . . .      SeeInvis +   a - +0 war axe
rCold   . . .      Faith    .   c - +0 buckler
rNeg    . . .      Spirit   .   b - +0 scale mail
rPois   .          Reflect  .   (helmet unavailable)
rElec   .          Harm     .   (no cloak)
rCorr   .          Rampage  .   (no gloves)
Will    .....                   (no boots)
Stlth   ..........              (no amulet)
HPRegen 0.00/turn               (no ring)
MPRegen 0.10/turn               (no ring)

@: attractive, inhibited regen
A: permanent stasis, dig shafts and tunnels, antennae 3, four strong arms, frail
1, inhibited regeneration, wild magic 1
a: Dig, Shaft Self


You were on level 3 of the Dungeon.
You visited 1 branch of the dungeon, and saw 3 of its levels.

You collected 125 gold pieces.

Inventory:

Hand Weapons
 a - a +0 war axe (weapon)
Armour
 b - a +0 scale mail (worn)
 c - a +0 buckler (worn)
Wands
 h - a wand of digging (6)
Scrolls
 e - a scroll of torment
 j - a scroll of noise {unknown}
 k - a scroll of enchant armour
 l - a scroll of amnesia {unknown}
Potions
 g - a potion of brilliance
 i - a potion of mutation


   Skills:
 + Level 4.4 Fighting
 + Level 5.1 Axes
 + Level 4.5 Armour
 - Level 3.6 Shields


You had 5 spell levels left.
You didn't know any spells.
Your spell library contained the following spells:

 Spells                   Type           Power      Damage    Failure   Level
 Corpse Rot               Necr/Air       0%         N/A       90%         2
 Poisonous Vapours        Pois/Air       0%         N/A       90%         2
 Ignite Poison            Fire/Tmut/Pois 0%         N/A       99%         3
 Mephitic Cloud           Conj/Pois/Air  0%         N/A       99%         3
 Freezing Cloud           Conj/Ice/Air   0%         6-21      100%        5


Dungeon Overview and Level Annotations

Branches:
Dungeon (3/15)

Altars:

Shops:
D:1 [   D:2 *[[

Annotations:
D:3 2 transporters, DarkMailMan's ghost, amateur HOFi


Innate Abilities, Weirdness & Mutations

You cannot be hasted, slowed, berserked, paralysed or teleported.
You can dig through walls and to a lower floor.
You have a pair of large antennae on your head. (SInv)
Your four strong arms can wield two-handed weapons with a shield.
You are frail. (-10% HP)
You do not regenerate when monsters are visible.
Your spells are a little harder to cast, but a little more powerful.


Message History

The gnoll shouts! x2
Why would you want to do that?
The gnoll shouts!
Press: ? - help, . - travel, g - get item You can't see that place. [Stash: an iron ring] [the floor.]
You see here 20 stones.
You see here 20 stones.
Found a transporter.
The gnoll shouts!
You hear a shout!
You sense a monster nearby.
An ogre comes into view. It is wielding a +0 giant club.
Found a dagger.
The ogre shouts!
The ogre moves out of view.
Found 24 sling bullets.
You slash the ogre!
The ogre is heavily wounded.
The ogre closely misses you.
You barely miss the ogre.
The ogre is heavily wounded.
The ogre hits you with a +0 giant club!
You barely miss the ogre.
The ogre is heavily wounded.
The ogre hits you with a +0 giant club!
You hit the ogre.
The ogre is heavily wounded.
The ogre hits you with a +0 giant club!
* * * LOW HITPOINT WARNING * * *
It was a potion of haste.
Your stasis prevents you from being hasted.
The ogre barely misses you.
It was a potion of attraction.
You feel attractive to monsters.
It was a potion of mutation.
You feel extremely strange.
You feel less in control of your magic.
You feel frail.
Your regeneration stops near monsters.
The ogre barely misses you.
Are you sure you want to abandon this character and quit the game? (Confirm with "yes".)

#. .........##.####
#.###### . #.###...###.#
#.##.... # #.......# #.#
#.##.###
#####...###.########.##.#
#..#................#
#..#.################
###..#..##
.........#######
.##.....@O......
........###.....
.#....... #.#. #...#... .
........## .#)#.#.##
#(#.#. # #.


You could see an ogre.

Vanquished Creatures
  Sigmund (D:2)
  Ijyb (D:3)
  Natasha (D:3)
  2 adders (D:2)
  A worm (D:2)
  3 dart slugs
  4 bats
  7 endoplasms
  3 giant cockroaches (D:1)
  6 goblins
  6 hobgoblins
  7 kobolds
  5 quokkas
  8 ball pythons
  11 frilled lizards
  4 rats
70 creatures vanquished.

Vanquished Creatures (others)
  14 plants
14 creatures vanquished.

Grand Total: 84 creatures vanquished

Notes
Turn   | Place    | Note
-------+----------+-------------------------------------------
     0 | D:1      | ytrimaz the Formicid Fighter began the quest for the Orb.
     0 | D:1      | Reached XP level 1. HP: 18/18 MP: 1/1
    56 | D:1      | Reached XP level 2. HP: 16/24 MP: 2/2
   208 | D:1      | Found Gimeidiu's Armour Shop.
   376 | D:1      | Reached XP level 3. HP: 30/30 MP: 3/3
   500 | D:1      | Found a faded altar of an unknown god.
   840 | D:2      | Reached skill level 3 in Axes
   840 | D:2      | Reached XP level 4. HP: 18/37 MP: 4/4
  1124 | D:2      | Found Qianawna's Assorted Antiques.
  1149 | D:2      | Found Jinuckoo's Armour Boutique.
  1204 | D:2      | Noticed Sigmund
  1229 | D:2      | Killed Sigmund
  1230 | D:2      | Reached skill level 4 in Axes
  1230 | D:2      | Reached XP level 5. HP: 33/42 MP: 5/5
  1230 | D:2      | Reached XP level 6. HP: 38/48 MP: 6/6
  1384 | D:2      | Found Coxeaput's Armour Boutique.
  1763 | D:3      | Noticed Ijyb
  1783 | D:3      | Killed Ijyb
  1784 | D:3      | Reached skill level 5 in Axes
  1790 | D:3      | Noticed DarkMailMan's ghost (amateur HOFi)
  2046 | D:3      | Found a transporter.
  2077 | D:3      | Noticed Natasha
  2089 | D:3      | Killed Natasha
  2196 | D:3      | Found a transporter.
  2203 | D:3      | Noticed an ogre
  2212 | D:3      | Gained mutation: Your spells are a little harder to cast,
                  | but a little more powerful. [potion of mutation]
  2212 | D:3      | Gained mutation: You are frail. (-10% HP) [potion of
                  | mutation]
  2212 | D:3      | Gained mutation: You do not regenerate when monsters are
                  | visible. [potion of mutation]
  2213 | D:3      | Quit the game

Illustrated notes

Levels and vault maps discovered:
D:1:      minmay_arrival_doors, layout_rooms, serial_shops, shop,
          chequers_ecumenical_altar_island, minmay_pentomino_w4
D:2:      layout_rooms, serial_shops, shop, nicolae_shop_overgrown_old_shop,
          shop, grunt_decor_junction, chequers_serial_rivers_micro_b,
          minmay_lizard_king, uniq_sigmund
D:3:      layout_loops_ring, gammafunk_ghost_gnarly_gnolls, uniq_ijyb,
          uniq_natasha

Skill      XL: |  1  2  3  4  5  6 |
---------------+-------------------+-----
Axes           | 3 4 5 |  5.1
Fighting       | 4 |  4.4
Armour         | 4 |  4.5
Shields        | |  3.6

Action                   |  1- 3 |  4- 6 || total
-------------------------+-------+-------++-------
Melee: War axe           |    77 |   116 ||   193
 Abil: Dig               |     1 |     1 ||     2
  Use: Scroll            |     6 |       ||     6
       Potion            |       |     5 ||     5
Armor: Scale mail        |    51 |    44 ||    95
Dodge: Dodged            |    51 |    54 ||   105
Block: Buckler           |    22 |    26 ||    48

Table legend: (Time is in decaauts)
 A = Elapsed time spent in this place.
 B = Non-inter-level travel time spent in this place.
 C = Inter-level travel time spent in this place.
 D = Time resting spent in this place.
 E = Time spent auto-exploring this place.
 F = Levels seen in this place.
 G = Mean time per level.
                   A        B        C        D        E       F      G
               +--------+--------+--------+--------+--------+-----+--------+
         Total |   2280 |   2227 |     53 |      0 |   1586 |   3 |  760.0 |
       Dungeon |   2280 |   2227 |     53 |      0 |   1586 |   3 |  760.0 |
               +--------+--------+--------+--------+--------+-----+--------+

Top non-repeatable levels by time:
     D:2: 948 daAuts
     D:1: 855 daAuts
     D:3: 476 daAuts
